 Dungeon Crawl Stone Soup version 0.29.1-15-g9cfb28693d (webtiles) character file.

Game seed: 4756560185342441323

2147 Peloso the Carver (level 9, 0/79 HPs)
             Began as a Minotaur Fighter on Apr 9, 2023.
             Was a Follower of Okawaru.
             Slain by a vampire
             ... wielding a +1 vampiric halberd
              (4 damage)
             ... in a bailey.
             The game lasted 00:18:03 (7548 turns).

Peloso the Carver (Minotaur Fighter)                Turns: 7548, Time: 00:18:03

Health: 0/79       AC: 17    Str: 22    XL:     9   Next: 9%
Magic:  8/8        EV:  7    Int:  5    God:    Okawaru [*.....]
Gold:   851        SH:  5    Dex: 13    Spells: 8/8 levels left

rFire   . . .      SeeInvis .   a - +0 long sword
rCold   . . .      Faith    .   c - +0 buckler
rNeg    . . .      Spirit   .   p - +0 plate armour
rPois   .          Reflect  .   (helmet restricted)
rElec   .          Harm     .   z - +0 cloak
rCorr   .          Rampage  .   (no gloves)
Will    +....                   r - +0 pair of boots
Stlth   ..........              g - amulet of regeneration
HPRegen 1.03/turn               (no ring)
MPRegen 0.11/turn               (no ring)

@: mighty
A: horns 2, retaliatory headbutt, strong-willed 1, shaggy fur 1
a: Renounce Religion, Heroism


You were in a bailey.
You worshipped Okawaru.
Okawaru was aware of your devotion.
You visited 2 branches of the dungeon, and saw 8 of its levels.
You also visited: Sewer and Bailey.

You collected 851 gold pieces.

Inventory:

Hand Weapons
 a - a +0 long sword (weapon)
Armour
 b - a +0 scale mail
 c - a +0 buckler (worn)
 p - a +0 plate armour (worn)
 r - a +0 pair of boots (worn)
 z - a +0 cloak (worn)
Jewellery
 e - a ring of magical power
 g - an amulet of regeneration (around neck)
 A - a ring of wizardry
Wands
 h - a wand of flame (18)
 j - a wand of charming (6)
 x - a wand of mindburst (13)
 E - a wand of polymorph (5)
Scrolls
 k - 2 scrolls of blinking
 l - 2 scrolls of teleportation
 n - 2 scrolls of poison
 o - a scroll of magic mapping
 u - a scroll of amnesia
 w - a scroll of immolation
 y - a scroll of enchant armour
 D - 2 scrolls of butterflies {unknown}
Potions
 f - a potion of cancellation
 i - a potion of curing {unknown}
 m - 2 potions of brilliance
 q - a potion of flight {unknown}
 s - a potion of invisibility
 t - 3 potions of degeneration {unknown}
 v - 2 potions of lignification {unknown}
 B - 2 potions of berserk rage {unknown}


   Skills:
 + Level 7.6 Fighting
 + Level 9.5 Long Blades
 + Level 7.7 Armour
 + Level 1.2 Dodging
 + Level 0.9 Stealth
 + Level 6.2 Shields
 + Level 0.2 Invocations


You had 8 spell levels left.
You didn't know any spells.
Your spell library contained the following spells:

 Spells                   Type           Power      Damage    Failure   Level
 Freeze                   Ice            0%         1d3       100%        1
 Shock                    Conj/Air       0%         1d3       100%        1
 Frozen Ramparts          Ice            0%         1d1       100%        3
 Swiftness                Air            0%         N/A       100%        3
 Airstrike                Air            0%         2d(0-16)  100%        4
 Hailstorm                Conj/Ice       0%         3d3       100%        4
 Borgnjor's Revivificati  Necr           0%         N/A       100%        8
 Necromutation            Tmut/Necr      0%         N/A       100%        8
 Death's Door             Necr           0%         N/A       100%        9


Dungeon Overview and Level Annotations

Branches:
Dungeon (7/15)             Temple (1/1) D:5           Sewer (visited)
 Bailey (1/1)

Altars:
Ashenzari
Cheibriados
Dithmenos
Elyvilon
Fedhas
Hepliaklqana
Nemelex Xobeh
Okawaru
Qazlal
Sif Muna
Trog
Vehumet
Xom
Yredelemnul

Shops:
D:1 :   D:2 (

Annotations:
D:3 3 runed translucent doors, engelados's ghost, amateur DjCj
D:5 2 runed translucent doors, EarthwalkerPL's ghost, novice MiFi


Innate Abilities, Weirdness & Mutations

You have a pair of horns on your head.
You reflexively headbutt those who attack you in melee.
You are strong-willed. (Will+)
You are covered in fur. (AC +1)


Message History

You barely miss the vampire.
The vampire is lightly damaged.
You barely miss the vampire. You headbutt the vampire.
The vampire is moderately damaged.
You block the vampire's attack. The vampire bites you.
The vampire draws strength from your injuries!
You barely miss the vampire.
The vampire is moderately damaged.
The vampire mumbles some strange words.
The vampire flickers and vanishes!
Deactivating autopickup; reactivate with Ctrl-A.
You hit something but do no damage. Something hits you.
Something bites you but does no damage.
You hit something but do no damage. You hit something but do no damage.
Your headbutt misses something.
You feel like a meek peon again. Something hits you but does no damage.
You block something's attack.
You hit something but do no damage. Your headbutt misses something.
You block something's attack. Something bites you but does no damage.
You closely miss something. Something hits you but does no damage.
Something bites you!
Something draws strength from your injuries!
You hit something. You headbutt something. Something hits you.
Something bites you.
Something draws strength from your injuries!
You barely miss something. Something hits you!
* * * LOW HITPOINT WARNING * * *
Something bites you but does no damage.
You slash something! Something hits you.
* * * LOW HITPOINT WARNING * * *
Something bites you!
* * * LOW HITPOINT WARNING * * *
Something draws strength from your injuries!
You slash something! Something hits you!
* * * LOW HITPOINT WARNING * * *
You block something's attack.
You hit something but do no damage. Something hits you but does no damage.
You block something's attack.
You slash something! Something hits you.
You die...

#8..........)....#
#.........#......#
###''##..)##....8#
##....##...#######
##......##.......8#
#...##...#8......8#
#..## #..##########
#..## ..# #8.@# .8#
##)!{.[[## ##8!:.##
######


There were no monsters in sight!

Vanquished Creatures
  A gargoyle (Bailey)
  Menkaure (D:4)
  A sky beast (D:6)
  2 ice beasts
  A hornet zombie (D:6)
  4 ogres
  4 kobold brigands (Sewer)
  2 bullfrogs (D:6)
  2 scorpions
  A vampire bat (D:6)
  3 hounds
  An iguana (D:5)
  2 orc wizards (D:5)
  Terence (D:2)
  A howler monkey zombie (D:6)
  6 gnolls
  2 adders
  4 river rats (Sewer)
  A white imp (D:6)
  An ufetubus (D:6)
  3 worms
  3 dart slugs
  17 orcs
  16 bats
  11 endoplasms
  4 giant cockroaches
  14 goblins
  8 hobgoblins
  2 jackals (D:4)
  6 quokkas
  8 ball pythons
  4 frilled lizards
  14 kobolds
  9 orc zombies (Bailey)
  8 rats
168 creatures vanquished.

Notes
Turn   | Place    | Note
-------+----------+-------------------------------------------
     0 | D:1      | Peloso the Minotaur Fighter began the quest for the Orb.
     0 | D:1      | Reached XP level 1. HP: 19/19 MP: 0/0
   201 | D:1      | Reached XP level 2. HP: 27/27 MP: 1/1
   452 | D:1      | Found Vufac's Book Emporium.
   690 | D:1      | Found a faded altar of an unknown god.
  1110 | D:1      | Reached XP level 3. HP: 33/33 MP: 2/2
  1270 | D:1      | Identified a scroll of acquirement
  1270 | D:1      | Acquired 516 gold pieces
  1276 | D:1      | Gained mutation: You are strong-willed. (Will+) [potion of
                  | mutation]
  1276 | D:1      | Gained mutation: You are covered in fur. (AC +1) [potion of
                  | mutation]
  1366 | D:2      | Found Qaokuivu's Antique Weapon Shop.
  1454 | D:2      | Reached skill level 3 in Long Blades
  1481 | D:2      | Noticed Terence
  1494 | D:2      | Killed Terence
  1682 | D:2      | Reached XP level 4. HP: 37/41 MP: 3/3
  2281 | D:3      | Found a runed translucent gate.
  2282 | D:3      | Found a runed translucent gate.
  2282 | D:3      | Noticed engelados's ghost (amateur DjCj)
  2283 | D:3      | Found a runed translucent gate.
  2288 | D:3      | Identified the +2 scale mail "Fiesuf" {rN+ Int+3}
  2400 | D:3      | Reached skill level 4 in Long Blades
  2594 | D:3      | Found a glowing drain.
  2610 | Sewer    | Entered a sewer
  2656 | Sewer    | Reached XP level 5. HP: 35/47 MP: 4/4
  3054 | Sewer    | Reached skill level 5 in Armour
  3325 | Sewer    | Reached skill level 5 in Long Blades
  3325 | Sewer    | Reached skill level 1 in Dodging
  3325 | Sewer    | Reached XP level 6. HP: 53/53 MP: 5/5
  3708 | Sewer    | Reached skill level 5 in Fighting
  4721 | D:4      | Noticed Menkaure
  4732 | D:4      | Reached skill level 6 in Long Blades
  4732 | D:4      | Reached XP level 7. HP: 11/61 MP: 6/6
  4732 | D:4      | Killed Menkaure
  4733 | D:4      | Reached skill level 5 in Shields
  5105 | D:4      | Found a blossoming altar of Fedhas.
  5472 | D:5      | Entered Level 5 of the Dungeon
  5478 | D:5      | Found a white marble altar of Elyvilon.
  5486 | D:5      | Found a sparkling altar of Nemelex Xobeh.
  5571 | D:5      | Found a runed translucent door.
  5705 | D:5      | Found a staircase to the Ecumenical Temple.
  5710 | Temple   | Entered the Ecumenical Temple
  5715 | Temple   | Became a worshipper of Warmaster Okawaru
  5763 | D:5      | Reached skill level 7 in Long Blades
  5826 | D:5      | Found a runed translucent door.
  5827 | D:5      | Noticed EarthwalkerPL's ghost (novice MiFi)
  5999 | D:5      | Reached XP level 8. HP: 54/70 MP: 7/7
  6378 | D:6      | Reached skill level 8 in Long Blades
  6507 | D:6      | Reached * piety under Okawaru
  6513 | D:6      | Found a basalt altar of Yredelemnul.
  6796 | D:6      | Reached skill level 9 in Long Blades
  7274 | D:7      | Found a flagged portal.
  7286 | Bailey   | Entered a bailey
  7342 | Bailey   | Noticed a gargoyle
  7377 | Bailey   | Killed a gargoyle
  7378 | Bailey   | Reached XP level 9. HP: 18/79 MP: 6/8
  7546 | Bailey   | HP: 2/79 [something (10)]
  7548 | Bailey   | Slain by a vampire

Illustrated notes

Levels and vault maps discovered:
D:1:      dpeg_arrival_concentric_ovals, layout_basic, serial_shops,
          nicolae_shop_waterfront, hellmonk_ecumenical_altar_lost_god
D:2:      layout_basic, serial_shops, shop, uniq_terence
D:3:      layout_basic, gup_sewer_entry_pipe, biasface_ghost_orc_armoury
D:4:      layout_basic, old_standard_altar, uniq_menkaure
D:5:      minmay_evil_eye, layout_basic, mainiacjoe_overflow_large_starburst,
          minmay_temple_entry_glassed_door, ebering_ghost_sewer_f
D:6:      dreamdust_elfheim, layout_basic, lemuel_zombie_altar_yredelemnul,
          roderic_batcave
D:7:      layout_loops_ring, nicolae_ru_path_of_blood, enter_bailey_6,
          uniq_joseph, uniq_crazy_yiuf_cottage, uniq_prince_ribbit1
Temple:   hellmonk_temple_micro_hex
Bailey:   bailey_polearm_vampire_castle_hellmonk, bailey

Skill      XL: |  1  2  3  4  5  6  7  8 |
---------------+-------------------------+-----
Armour         | 4 5 6 7 |  7.7
Fighting       | 4 5 7 |  7.6
Shields        | 4 5 6 |  6.2
Long Blades    | 3 4 5 6 7 9 |  9.5
Dodging        | 1 |  1.2
Stealth        | |  0.9
Invocations    | |  0.2

Action                   |  1- 3 |  4- 6 |  7- 9 || total
-------------------------+-------+-------+-------++-------
Melee: Long sword        |    77 |   209 |   244 ||   530
       Headbutt          |    10 |    30 |    61 ||   101
Invok: Heroism           |       |       |     4 ||     4
  Use: Potion            |     4 |     2 |     3 ||     9
       Scroll            |     4 |       |     8 ||    12
Armor: Scale mail        |    37 |     1 |       ||    38
       Chain mail        |       |    74 |       ||    74
       Plate armour      |       |    22 |   135 ||   157
Dodge: Dodged            |    39 |    79 |    67 ||   185
Block: Buckler           |    21 |    59 |    64 ||   144
